 Dungeon Sprint DCSS version 0.23-a0-650-ga4d50d4 (webtiles) character file.

9818 Leeroy the Barachian Blade (level 11, -7/102 HPs)
             Began as a Barachi Ice Elementalist on Jan 6, 2019.
             Was the Champion of Qazlal.
             Mangled by a reaper
             ... wielding a +4 scythe of slicing
              (29 damage)
             ... in the Dungeon (Sprint V: "Ziggurat Sprint").
             The game lasted 00:12:46 (1111 turns).

Leeroy the Barachian Blade (BaIE)                   Turns: 1111, Time: 00:12:47

Health: -7/102     AC: 25    Str: 30    XL:     11   Next: 52%
Magic:  12/22      EV:  4    Int: 15    God:    Qazlal [******]
Gold:   0          SH: 34    Dex: 13    Spells: 3/14 levels left

rFire    + . .     SeeInvis .   H - +7 Screaming Sword {slice, sonic wave}
rCold    . . .     Gourm    .   O - +18 shield of the Gong {rElec rN+ MR+ EV-5}
rNeg     + . .     Faith    +   l - +15 Maxwell's patent armour {-Cast -Tele rElec MR+ rCorr}
rPois    .         Spirit   .   (no helmet)
rElec    +         Reflect  .   (no cloak)
rCorr    +         Harm     .   (no gloves)
MR       ++...     NoTele   +   (no boots) Stlth ..........NoCast +
                                Q - amulet of faith
HPRegen  0.27/turn              y - +6 ring of strength
MPRegen  0.18/turn              z - +6 ring of strength

@: berserking (expiring), protected from fire, can't hop, repel missiles, very
quick
A: +LOS, swims, slowness 1, strong legs 1
a: Hop, Upheaval, Elemental Force, Disaster Area, Renounce Religion


You were in the Dungeon.
You worshipped Qazlal.
Qazlal was exalted by your worship.
You were hungry.

You visited 1 branch

Inventory:

Hand Weapons
 H - the +7 Screaming Sword (weapon) {slice, sonic wave}
   (You found it in the Dungeon)

   It inflicts extra damage upon your enemies.
 I - the +11 plutonium sword {*Contam Stlth-}
   (You found it in the Dungeon)

   It causes magical contamination when unequipped.
   It makes you less stealthy.
 J - the +9 sword of Zonguldrok {reap}
   (You found it in the Dungeon)

   If a monster killed with it leaves a corpse in good enough shape, the corpse
   will be animated as a zombie friendly to the killer.
 K - a +5 demon blade
 L - a +5 triple sword of draining
 T - the +8 rapier of a Labyrinth {drain, SInv}
   (You found it in the Dungeon)

   A truly terrible weapon, it drains the life of those it strikes.
   It lets you see invisible.
 W - the +8 dagger "Hasogh" {elec, rF+ rN+}
   (You found it in the Dungeon)

   Occasionally, upon striking a foe, it will discharge some electrical energy
   and cause terrible harm.
   It protects you from fire.
   It protects you from negative energy.
Armour
 l - the +15 Maxwell's patent armour (worn) {-Cast -Tele rElec MR+ rCorr}
   (You found it in the Dungeon)

   It insulates you from electricity.
   It affects your resistance to hostile enchantments.
   It prevents spellcasting.
   It prevents most forms of teleportation.
   It provides partial protection from all sources of acid and corrosion.
 M - +5 fire dragon scales
 N - +5 ice dragon scales
 O - the +18 shield of the Gong (worn) {rElec rN+ MR+ EV-5}
   (You found it in the Dungeon)

   It affects your evasion (-5).
   It insulates you from electricity.
   It protects you from negative energy.
   It affects your resistance to hostile enchantments.
 Z - +2 swamp dragon scales
Magical Staves
 D - an uncursed staff of energy
 V - an uncursed staff of power
Jewellery
 u - a +6 ring of dexterity
 v - a +6 ring of dexterity
 w - a +6 ring of intelligence
 x - a +6 ring of intelligence
 y - a +6 ring of strength (left hand)
 z - a +6 ring of strength (right hand)
 F - an uncursed ring of flight
 Q - an amulet of faith (around neck)
 R - a +5 ring of strength
 U - a +3 ring of strength
Wands
 A - a wand of disintegration (7)
 B - a wand of iceblast (7)
 C - a wand of acid (7)
Scrolls
 i - 4 scrolls of blinking
 o - 4 scrolls of amnesia
 p - 7 scrolls of fog
 q - a scroll of holy word
 r - 5 scrolls of identify
 s - 5 scrolls of remove curse
 t - 2 scrolls of fear
Potions
 b - 2 potions of brilliance
 d - 10 potions of curing
 e - 3 potions of heal wounds
 f - 6 potions of haste
 g - 7 potions of magic
 h - 2 potions of berserk rage
 j - 2 potions of invisibility
 k - 4 potions of resistance
 m - 5 potions of agility
 n - 5 potions of might
Miscellaneous
 a - a lamp of fire
 E - a crystal ball of energy
 G - a lightning rod (4/4)
 P - a phial of floods
 S - 3 phantom mirrors
 X - a fan of gales
 Y - a sack of spiders
Comestibles
 c - 7 rations


   Skills:
 - Level 21.0 Long Blades
 + Level 10.4 Dodging
 - Level 1.7 Stealth
 - Level 2.1 Spellcasting
 - Level 1.1 Conjurations
 - Level 3.6 Ice Magic
 * Level 15.8 Invocations


You had 3 spell levels left.
You knew the following spells:

 Your Spells              Type           Power        Failure   Level  Hunger
a - Freeze                Ice            ##..         99%         1    #......
b - Throw Icicle          Conj/Ice       #.......     100%        4    #####..
c - Bolt of Cold          Conj/Ice       #.........   100%        6    #######

Your spell library contained the following spells:

 Spells                   Type           Power        Failure   Level  Hunger
 Magic Dart               Conj           #...         100%        1    #......
 Call Imp                 Summ           #.......     100%        2    ###....
 Ensorcelled Hibernation  Hex/Ice        #.....       100%        2    ###....
 Throw Frost              Conj/Ice       #.....       100%        2    ###....
 Call Canine Familiar     Summ           #.......     100%        3    ###....
 Dazzling Spray           Conj/Hex       #.....       100%        3    ###....
 Ignite Poison            Fire/Tmut/Pois #.......     100%        3    ###....
 Ozocubu's Armour         Chrm/Ice       #.......     100%        3    ###....
 Portal Projectile        Hex/Tloc       #.....       100%        3    ###....
 Ice Form                 Ice/Tmut       #.......     100%        4    #####..
 Summon Ice Beast         Ice/Summ       #.......     100%        4    #####..
 Summon Lightning Spire   Summ/Air       #.......     100%        4    #####..
 Fireball                 Conj/Fire      #.........   100%        5    ######.
 Metabolic Englaciation   Hex/Ice        #.........   100%        5    ######.
 Silence                  Hex/Air        #.........   100%        5    ######.
 Summon Mana Viper        Hex/Summ       #.......     100%        5    ######.
 Bolt of Fire             Conj/Fire      #.........   100%        6    #######
 Conjure Ball Lightning   Conj/Air       #.........   100%        6    #######
 Deflect Missiles         Chrm/Air       #.........   100%        6    #######
 Freezing Cloud           Conj/Ice/Air   #.........   100%        6    #######
 Haunt                    Necr/Summ      #.........   100%        7    #######
 Ring of Flames           Chrm/Fire      #.........   100%        7    #######
 Spellforged Servitor     Conj/Summ      #.........   100%        7    #######
 Borgnjor's Revivificati  Necr           #.........   100%        8    #######
 Death's Door             Chrm/Necr      #.........   100%        8    #######
 Ignition                 Fire           #.........   100%        8    #######
 Infestation              Necr           #.........   100%        8    #######
 Necromutation            Tmut/Necr      #.........   100%        8    #######
 Tornado                  Air            #.........   100%        9    #######


Dungeon Overview and Level Annotations

Branches:
Dungeon (1/1)

Altars:
Ashenzari
Cheibriados
Dithmenos
Elyvilon
Fedhas
Gozag
Hepliaklqana
Kikubaaqudgha
Makhleb
Nemelex Xobeh
Okawaru
Qazlal
Ru
Sif Muna
Trog
Uskayaw
Vehumet
Wu Jian
Xom
Yredelemnul
Zin
The Shining One
Beogh
Jiyva
Lugonu

Annotations:
D 1 transporter


Innate Abilities, Weirdness & Mutations

Shadows flee at your approach. (+LOS)
You can swim through water.
You cover ground slowly.
You can hop short distances.


Message History

The reaper is struck by lightning.
You kill the reaper!
Qazlal accepts your kill.
Your Dodging skill increases to level 10!
Unknown command.
The reaper is struck by lightning.
You block the reaper's attack.
GONNNNG!
You see here a +3 scythe of slicing.
You slice the reaper!!
The Screaming Sword yells.
You send a blast of sound all around you.
The reaper is blasted.
The reaper is heavily wounded. x2
Unknown command.
Unknown command.
You hit the reaper but do no damage.
The reaper is heavily wounded.
The reaper is struck by lightning.
The reaper hits you with a +4 scythe of slicing!!
You die...

▓▓▓▓▓▓▓▓▓▓▓▓▓▓▓▓▓▓▓▓▓
▓...8©8...▓...8©8...▓
▓..[:=))?.▓..).)=}..▓
▓..[[.}}..▓...|.)}..▓
▓.........▓.).......▓
▓.....)...▓.........▓
▓...§.....▓.........▓
▓.°.○§....▓.........▓
▓.○.@2....▓.........▓
▓.▓..§..▓.▓.▓.[[..▓.▓
▓...°©....▓....©....▓
▓▓▓▓▓▓▓▓▓▓▓▓▓▓▓▓▓▓▓▓▓


You could see a reaper.

Vanquished Creatures
  3 shadow dragons (D)
  A reaper (D)
  A freezing wraith (D)
  A red devil (D)
  3 merfolk (D)
  2 hippogriffs (D)
  2 wraiths (D)
  A ynoxinul (D)
  A porcupine (D)
  3 hell hounds (D)
  5 phantoms (D)
  3 necrophages (D)
  A centaur (D)
  3 scorpions (D)
  A wight (D)
  A crimson imp (D)
  4 starcursed masses (D)
  2 orc priests (D)
  A quasit (D)
  4 orc wizards (D)
  An iron imp (D)
  3 river rats (D)
  A shadow imp (D)
  2 ufetubi (D)
  3 adder skeletons (D)
  An adder zombie (D)
  An orc (D)
  2 spectral bats (D)
  9 bat skeletons (D)
  3 bat zombies (D)
  A ball python skeleton (D)
  A ball python zombie (D)
  A giant cockroach zombie (D)
  A quokka skeleton (D)
  A quokka zombie (D)
  A spectral giant cockroach (D)
  A spectral jackal (D)
  A spectral leopard gecko (D)
77 creatures vanquished.

Vanquished Creatures (others)
  A spatial maelstrom (D)
1 creature vanquished.

Grand Total: 78 creatures vanquished

Notes
Turn   | Place    | Note
-------+----------+-------------------------------------------
     0 | D        | Found the +6 Majin-Bo {vamp, Archmagi MP+6 Int+6}
     0 | D        | Found the +7 great mace "Firestarter" {inner flame, rF++}
     0 | D        | Leeroy the Barachi Ice Elementalist began the quest for the
                  | Orb.
     0 | D        | Reached XP level 1. HP: 13/13 MP: 3/3
     0 | D        | Found a transporter.
     0 | D        | Found an ancient bone altar of Kikubaaqudgha.
     0 | D        | Found a viscous altar of Jiyva.
     0 | D        | Found a corrupted altar of Lugonu.
     0 | D        | Found a hazy altar of Hepliaklqana.
     0 | D        | Found a burning altar of Makhleb.
     0 | D        | Found an opulent altar of Gozag.
     5 | D        | Banished a spatial maelstrom
    22 | D        | Found the +6 shillelagh "Devastator" {shatter}
    22 | D        | Found the +11 plutonium sword {*Contam Stlth-}
    22 | D        | Found the +8 lance "Wyrmbane" {slay drac, rPois rF+ rC+
                  | AC+3}
    22 | D        | Found the +9 sword of Zonguldrok {reap}
    22 | D        | Found the cursed +13 scythe of Curses {drain, *Curse}
    22 | D        | Found the +0 sword of Power
    22 | D        | Found the +7 mace of Variability {chain chaos}
    22 | D        | Found the +7 Singing Sword {slice, sonic wave}
    22 | D        | Found the +7 longbow "Piercer" {penet, EV-2}
    55 | D        | Became a worshipper of Qazlal Stormbringer
    58 | D        | Reached skill level 8 in Long Blades
    58 | D        | Reached XP level 2. HP: 19/19 MP: 5/5
    62 | D        | Found the +9 heavy crossbow "Sniper" {velocity, Acc+∞ SInv}
    62 | D        | Found the +10 dark maul {crush}
    62 | D        | Found the +15 Maxwell's patent armour {-Cast -Tele rElec
                  | MR+ rCorr}
    62 | D        | Found the +18 shield of the Gong {rElec rN+ MR+ EV-5}
    62 | D        | Found the cursed +14 obsidian axe {chop, +Fly SInv *Curse}
    82 | D        | Entered arena 2.
    82 | D        | Found a transporter.
    89 | D        | Reached skill level 10 in Long Blades
    89 | D        | Reached XP level 3. HP: 24/24 MP: 6/6
    92 | D        | Reached XP level 4. HP: 30/30 MP: 7/7
   102 | D        | Entered arena 3.
   102 | D        | Found a transporter.
   107 | D        | Reached * piety under Qazlal
   107 | D        | Reached skill level 12 in Long Blades
   109 | D        | Reached skill level 13 in Long Blades
   109 | D        | Reached XP level 5. HP: 34/35 MP: 8/8
   116 | D        | Reached skill level 14 in Long Blades
   135 | D        | Entered arena 4.
   135 | D        | Noticed a porcupine
   135 | D        | Found a transporter.
   141 | D        | Killed a porcupine
   141 | D        | Reached ** piety under Qazlal
   141 | D        | Reached skill level 15 in Long Blades
   141 | D        | Reached XP level 6. HP: 37/41 MP: 9/9
   150 | D        | Reached *** piety under Qazlal
   150 | D        | Reached skill level 1 in Invocations
   163 | D        | Entered arena 5.
   163 | D        | Noticed a phantom
   163 | D        | Found a transporter.
   170 | D        | Reached **** piety under Qazlal
   183 | D        | Killed a phantom
   186 | D        | Got the +8 rapier of a Labyrinth {drain, SInv}
   193 | D        | Entered arena 6.
   193 | D        | Found a transporter.
   194 | D        | Reached XP level 7. HP: 46/46 MP: 10/10
   200 | D        | Reached skill level 16 in Long Blades
   203 | D        | Reached ***** piety under Qazlal
   406 | D        | Entered arena 7.
   406 | D        | Noticed a ynoxinul
   406 | D        | Noticed a starcursed mass
   406 | D        | Noticed a freezing wraith
   406 | D        | Found a transporter.
   412 | D        | Killed a freezing wraith
   412 | D        | Reached skill level 17 in Long Blades
   418 | D        | Killed a ynoxinul
   418 | D        | Reached XP level 8. HP: 26/52 MP: 10/13
   420 | D        | Killed a starcursed mass
   420 | D        | Reached ****** piety under Qazlal
   420 | D        | Killed a starcursed mass
   424 | D        | Killed a starcursed mass
   424 | D        | Reached skill level 18 in Long Blades
   426 | D        | Killed a starcursed mass
   426 | D        | Reached XP level 9. HP: 49/57 MP: 11/15
   431 | D        | Got the +8 dagger "Hasogh" {elec, rF+ rN+}
   595 | D        | Learned a level 4 spell: Throw Icicle
   595 | D        | Entered arena 8.
   595 | D        | Noticed a merfolk
   595 | D        | Noticed a merfolk
   595 | D        | Noticed a merfolk
   595 | D        | Found a transporter.
   599 | D        | Reached skill level 19 in Long Blades
   604 | D        | Killed a merfolk
   605 | D        | Killed a merfolk
   605 | D        | Reached skill level 20 in Long Blades
   605 | D        | Reached skill level 10 in Invocations
   605 | D        | Killed a merfolk
   645 | D        | Entered arena 9.
   645 | D        | Found a transporter.
   646 | D        | Identified the +10 rapier of Baicucad {drain, rN++}
   678 | D        | Entered arena 10.
   678 | D        | Identified the amulet "Ililin" {Regen+ Str+5}
   678 | D        | Found a transporter.
   686 | D        | Reached XP level 10. HP: 57/63 MP: 16/18
   704 | D        | Got Sagot's Collected Works on Blistering Calling
   712 | D        | Entered arena 11.
   712 | D        | Found a transporter.
   736 | D        | Reached skill level 21 in Long Blades
   748 | D        | Got the Incunabulum of Confrontation
   757 | D        | Learned a level 6 spell: Bolt of Cold
   759 | D        | Got the Volume of Snow
   761 | D        | Got the Incunabulum of Flight and Beguiling
   769 | D        | Entered arena 12.
   769 | D        | Noticed a shadow dragon
   769 | D        | Noticed a shadow dragon
   769 | D        | Noticed a shadow dragon
   776 | D        | Killed a shadow dragon
   776 | D        | Reached skill level 5 in Dodging
   784 | D        | Killed a shadow dragon
   784 | D        | Reached XP level 11. HP: 21/68 MP: 4/21
   798 | D        | Killed a shadow dragon
   799 | D        | Found a transporter.
  1094 | D        | Entered arena 13.
  1094 | D        | Noticed a reaper
  1094 | D        | Noticed a reaper
  1095 | D        | Found a transporter.
  1098 | D        | Reached skill level 15 in Invocations
  1108 | D        | Killed a reaper
  1108 | D        | Reached skill level 10 in Dodging
  1111 | D        | Mangled by a reaper

Vault maps used:
D:        sprint_v

Skill      XL: |  1  2  3  4  5  6  7  8  9 10 11 |
---------------+----------------------------------+-----
Long Blades    | 8 10 13 15 17 18 20 21 | 21.0
Invocations    | 3 6 8 10 13 15 | 15.8
Dodging        | 7 10 | 10.4
Stealth        | |  1.7
Spellcasting   | |  2.1
Conjurations   | |  1.1
Ice Magic      | |  3.6

Action                   |  1- 3 |  4- 6 |  7- 9 | 10-12 || total
-------------------------+-------+-------+-------+-------++-------
Melee: Demon blade       |     6 |    40 |     1 |       ||    47
       Double sword      |       |       |    42 |    52 ||    94
Invok: Upheaval          |       |       |       |     7 ||     7
 Abil: Hop               |       |       |       |     1 ||     1
Evoke: Lightning rod     |       |     1 |     5 |       ||     6
  Use: Potion            |     1 |       |     2 |     6 ||     9
       Scroll            |       |       |     1 |       ||     1
Armor: Plate armour      |     4 |     8 |    17 |    34 ||    63
Dodge: Dodged            |       |       |       |     3 ||     3
Block: Shield            |     6 |    45 |    64 |   108 ||   223
       Rpst.: Double sword |       |       |       |     1 ||     1

Table legend:
 A = Non-vault XP
 B = Vault XP
 C = Vault XP percentage of total XP
 D = Non-vault monster count
 E = Vault monster count
 F = Vault count percentage of total count
                 A         B        C        D         E       F
            +---------+---------+-------+---------+---------+-------
      Total |    1097 |   12919 |  92.2 |       4 |      73 |  94.8
            +---------+---------+-------+---------+---------+-------
          D |    1097 |   12919 |  92.2 |       4 |      73 |  94.8
            +---------+---------+-------+---------+---------+-------
